[ AOE2 MATCH · #505472324 ]
UnrankedMagyars vs Goths
Player's team · LOSS
Rival team · WIN
[ REPLAY ANALYSIS · EXTRACTED FROM THE RECORDED GAME ]
Feudal
8:58
Castle
—
Imperial
—
| APM avg | 53.7 |
| APM peak | 90 |
| eAPM avg | 31.8 |
| Villagers / military | 54 / 18 |
Focus
⚔️ 40.7% · 🌾 59.3%
Scout Cavalry ×11 · Spearman ×5 · Militia ×2
Feudal
13:18
Castle
—
Imperial
—
| APM avg | 61.1 |
| APM peak | 102 |
| eAPM avg | 32.7 |
| Villagers / military | 57 / 105 |
Focus
⚔️ 54.8% · 🌾 45.2%
Militia ×101 · Archer ×4
Match map
Initial resources + every placement click. Lines = walls · curves = elevation contours. ◆ gold · ⬟ stone · ● berries · ✦ relic · ◌ wall gap
Your base· Open — unwalled flank
FYI Inc's base· Open — unwalled flank
Smoothed initial terrain · ◌ = detected wall gap · hover for details
Inputs per minute
— s56460688 - - FYI Inc
Build order — s56460688
137 actions detected in the replay
| 0:00 | Create | Villager (Male) |
| 0:01 | Build | House |
| 0:03 | Build | House |
| 0:10 | Create | Villager (Male) |
| 0:13 | Create | Villager (Male) |
| 0:21 | Create | Villager (Male) |
| 0:21 | Create | Villager (Male) |
| 1:25 | Create | Villager (Male) |
| 1:25 | Create | Villager (Male) |
| 1:44 | Build | Lumber Camp |
| 1:57 | Create | Villager (Male) |
| 1:57 | Create | Villager (Male) |
| 2:12 | Create | Villager (Male) |
| 2:43 | Research | Loom |
| 2:47 | Build | Palisade Wall |
| 2:58 | Create | Villager (Male) |
| 3:25 | Create | Villager (Male) |
| 3:49 | Create | Villager (Male) |
| 4:04 | Create | Villager (Male) |
| 4:38 | Build | House |
| 4:45 | Create | Villager (Male) |
| 5:15 | Create | Villager (Male) |
| 5:39 | Create | Villager (Male) |
| 5:41 | Build | Mill |
| 6:07 | Create | Villager (Male) |
| 6:48 | Research | Feudal Age |
| 6:49 | Research | Feudal Age |
| 8:17 | Create | Villager (Male) |
| 8:21 | Build | Barracks |
| 8:58 | Age | Feudal Age |
| 9:10 | Create | Villager (Male) |
| 9:37 | Build | House |
| 9:41 | Create | Villager (Male) |
| 9:45 | Create | Militia |
| 10:01 | Create | Villager (Male) |
| 10:07 | Build | Palisade Wall |
| 10:14 | Create | Militia |
| 10:25 | Build | House |
| 10:34 | Build | Farm |
| 10:35 | Build | Farm |
| 10:39 | Create | Villager (Male) |
| 11:09 | Create | Villager (Male) |
| 11:21 | Build | Farm |
| 11:21 | Build | Farm |
| 11:30 | Create | Villager (Male) |
| 11:31 | Create | Spearman |
| 11:53 | Research | Double-Bit Axe |
| 11:58 | Create | Villager (Male) |
| 12:10 | Build | Farm |
| 12:29 | Create | Villager (Male) |
| 12:36 | Build | House |
| 12:48 | Create | Spearman |
| 12:52 | Build | Farm |
| 13:02 | Create | Villager (Male) |
| 13:12 | Create | Spearman |
| 13:18 | Build | Farm |
| 13:36 | Create | Villager (Male) |
| 13:43 | Build | House |
| 13:53 | Create | Spearman |
| 13:59 | Create | Villager (Male) |
| 14:00 | Build | Lumber Camp |
| 14:02 | Build | Farm |
| 14:07 | Build | Palisade Wall |
| 14:12 | Build | Palisade Wall |
| 14:22 | Create | Villager (Male) |
| 14:33 | Create | Villager (Male) |
| 14:42 | Build | Farm |
| 15:03 | Create | Villager (Male) |
| 15:09 | Build | Mill |
| 15:25 | Create | Spearman |
| 15:32 | Build | Farm |
| 15:35 | Create | Villager (Male) |
| 16:01 | Create | Villager (Male) |
| 16:16 | Build | Watch Tower |
| 16:24 | Create | Villager (Male) |
| 16:39 | Create | Villager (Male) |
| 16:59 | Create | Villager (Male) |
| 17:16 | Build | Stable |
| 17:40 | Create | Villager (Male) |
| 17:48 | Build | Farm |
| 17:51 | Create | Scout Cavalry |
| 17:52 | Create | Scout Cavalry |
| 18:04 | Build | House |
| 18:08 | Build | House |
| 18:09 | Build | House |
| 18:10 | Build | House |
| 18:11 | Create | Villager (Male) |
| 18:12 | Create | Scout Cavalry |
| 18:18 | Build | Farm |
| 18:20 | Research | Wheelbarrow |
| 18:30 | Build | House |
| 18:47 | Build | Farm |
| 18:48 | Build | Farm |
| 18:58 | Create | Scout Cavalry |
| 19:17 | Create | Villager (Male) |
| 19:22 | Build | Blacksmith |
| 19:50 | Build | Palisade Wall |
| 19:51 | Build | Palisade Wall |
| 19:52 | Build | House |
| 19:58 | Build | House |
| 20:02 | Create | Villager (Male) |
| 20:18 | Create | Scout Cavalry |
| 20:30 | Create | Villager (Male) |
| 20:44 | Create | Villager (Male) |
| 20:46 | Create | Scout Cavalry |
| 21:05 | Build | Mining Camp |
| 21:08 | Build | Farm |
| 21:09 | Build | Farm |
| 21:12 | Create | Scout Cavalry |
| 21:27 | Research | Scale Barding Armor |
| 21:31 | Create | Villager (Male) |
| 21:39 | Build | Farm |
| 21:40 | Build | Farm |
| 21:52 | Create | Villager (Male) |
| 22:00 | Create | Villager (Male) |
| 22:32 | Create | Villager (Male) |
| 22:33 | Build | Farm |
| 23:03 | Build | House |
| 23:12 | Create | Villager (Male) |
| 23:20 | Build | Palisade Wall |
| 23:24 | Build | Palisade Wall |
| 23:33 | Create | Scout Cavalry |
| 23:57 | Create | Scout Cavalry |
| 24:06 | Create | Villager (Male) |
| 24:26 | Build | Lumber Camp |
| 24:30 | Build | House |
| 24:30 | Build | Palisade Wall |
| 24:37 | Create | Scout Cavalry |
| 24:41 | Create | Villager (Male) |
| 25:08 | Create | Scout Cavalry |
| 25:21 | Build | House |
| 25:31 | Build | Farm |
| 26:00 | Create | Villager (Male) |
| 26:13 | Create | Villager (Male) |
| 26:20 | Build | Market |
| 26:36 | Create | Villager (Male) |
| 26:45 | Research | Fletching |
Build order — FYI Inc
First 150 of 245 actions detected
| 0:03 | Create | Villager (Male) |
| 0:03 | Create | Villager (Male) |
| 0:04 | Build | House |
| 0:05 | Build | House |
| 0:05 | Create | Villager (Male) |
| 0:18 | Create | Villager (Male) |
| 1:04 | Research | Loom |
| 1:20 | Create | Villager (Male) |
| 1:30 | Create | Villager (Male) |
| 1:30 | Create | Villager (Male) |
| 2:09 | Create | Villager (Male) |
| 2:26 | Create | Villager (Male) |
| 2:55 | Create | Villager (Male) |
| 2:56 | Build | Lumber Camp |
| 3:21 | Create | Villager (Male) |
| 3:51 | Create | Villager (Male) |
| 3:51 | Create | Villager (Male) |
| 3:52 | Create | Villager (Male) |
| 3:54 | Build | House |
| 4:40 | Create | Villager (Male) |
| 4:47 | Build | House |
| 5:01 | Create | Villager (Male) |
| 5:02 | Create | Villager (Male) |
| 5:02 | Create | Villager (Male) |
| 5:53 | Build | Barracks |
| 5:59 | Create | Villager (Male) |
| 6:37 | Create | Villager (Male) |
| 6:42 | Build | House |
| 6:50 | Create | Militia |
| 6:50 | Create | Militia |
| 6:50 | Create | Militia |
| 7:04 | Create | Villager (Male) |
| 7:04 | Create | Villager (Male) |
| 7:09 | Build | Mining Camp |
| 7:24 | Create | Militia |
| 7:30 | Create | Villager (Male) |
| 7:46 | Create | Militia |
| 7:56 | Build | House |
| 7:57 | Create | Villager (Male) |
| 8:18 | Create | Militia |
| 8:21 | Build | Mill |
| 8:21 | Create | Villager (Male) |
| 8:35 | Build | House |
| 8:36 | Create | Militia |
| 8:46 | Create | Villager (Male) |
| 8:53 | Create | Militia |
| 8:55 | Create | Villager (Male) |
| 8:57 | Build | House |
| 9:20 | Create | Militia |
| 9:36 | Create | Villager (Male) |
| 9:38 | Build | House |
| 9:40 | Build | Farm |
| 9:49 | Create | Militia |
| 10:07 | Build | House |
| 10:09 | Create | Villager (Male) |
| 10:20 | Build | Farm |
| 11:08 | Research | Feudal Age |
| 11:30 | Create | Militia |
| 11:30 | Create | Militia |
| 11:33 | Build | Farm |
| 11:48 | Create | Militia |
| 11:54 | Build | House |
| 12:20 | Create | Militia |
| 12:20 | Create | Militia |
| 12:21 | Create | Militia |
| 12:36 | Build | House |
| 12:46 | Build | Farm |
| 13:09 | Create | Militia |
| 13:18 | Age | Feudal Age |
| 13:20 | Build | Archery Range |
| 13:22 | Research | Man-at-Arms (upgrade) |
| 13:26 | Build | Farm |
| 13:28 | Build | Farm |
| 13:28 | Create | Villager (Male) |
| 13:41 | Research | Double-Bit Axe |
| 13:42 | Research | Double-Bit Axe |
| 14:09 | Create | Villager (Male) |
| 14:12 | Build | Blacksmith |
| 14:17 | Create | Militia |
| 14:36 | Create | Archer |
| 14:36 | Create | Archer |
| 14:37 | Create | Militia |
| 14:38 | Create | Militia |
| 14:49 | Create | Villager (Male) |
| 14:51 | Build | Farm |
| 14:53 | Build | Farm |
| 14:58 | Create | Villager (Male) |
| 15:02 | Build | Farm |
| 15:10 | Research | Fletching |
| 15:11 | Build | House |
| 15:13 | Research | Scale Mail Armor |
| 15:17 | Create | Archer |
| 15:22 | Build | Farm |
| 15:24 | Create | Villager (Male) |
| 15:31 | Create | Militia |
| 15:47 | Build | Farm |
| 15:49 | Build | House |
| 16:01 | Research | Town Watch |
| 16:15 | Create | Archer |
| 16:23 | Create | Villager (Male) |
| 16:26 | Build | Farm |
| 16:41 | Research | Wheelbarrow |
| 17:06 | Build | Barracks |
| 17:11 | Research | Forging |
| 17:25 | Research | Horse Collar |
| 17:31 | Build | Farm |
| 17:36 | Create | Militia |
| 17:43 | Build | Farm |
| 17:56 | Create | Militia |
| 18:00 | Build | House |
| 18:01 | Create | Militia |
| 18:01 | Create | Militia |
| 18:06 | Build | Farm |
| 18:20 | Create | Villager (Male) |
| 18:21 | Build | Farm |
| 18:35 | Create | Villager (Male) |
| 18:35 | Create | Militia |
| 18:35 | Create | Militia |
| 18:37 | Build | Farm |
| 18:46 | Create | Militia |
| 18:52 | Build | House |
| 18:53 | Create | Militia |
| 19:04 | Build | Farm |
| 19:04 | Create | Villager (Male) |
| 19:11 | Create | Militia |
| 19:16 | Create | Militia |
| 19:31 | Create | Villager (Male) |
| 19:33 | Build | House |
| 19:37 | Build | Farm |
| 19:39 | Build | Farm |
| 19:40 | Create | Militia |
| 19:40 | Create | Militia |
| 19:50 | Create | Militia |
| 20:01 | Create | Militia |
| 20:04 | Build | Barracks |
| 20:05 | Create | Militia |
| 20:06 | Create | Villager (Male) |
| 20:24 | Create | Militia |
| 20:24 | Create | Militia |
| 20:39 | Create | Villager (Male) |
| 20:39 | Create | Militia |
| 20:40 | Create | Militia |
| 20:40 | Create | Militia |
| 20:52 | Create | Villager (Male) |
| 20:53 | Build | Farm |
| 20:55 | Build | Farm |
| 20:59 | Build | Farm |
| 20:59 | Create | Militia |
| 21:07 | Create | Militia |
| 21:10 | Build | House |
Match timeline
| 2:47 | s56460688 · wall_segment Palisade Wall x1 |
| 5:53 | FYI Inc · first_building Barracks |
| 8:21 | s56460688 · first_building Barracks |
| 8:58 | s56460688 · age_up feudal |
| 10:07 | s56460688 · wall_segment Palisade Wall x1 |
| 13:18 | FYI Inc · age_up feudal |
| 13:20 | FYI Inc · first_building Archery Range |
| 14:07 | s56460688 · wall_segment Palisade Wall x1 |
| 14:12 | s56460688 · wall_segment Palisade Wall x1 |
| 17:16 | s56460688 · first_building Stable |
| 19:50 | s56460688 · wall_segment Palisade Wall x1 |
| 19:51 | s56460688 · wall_segment Palisade Wall x1 |
| 23:20 | s56460688 · wall_segment Palisade Wall x1 |
| 23:24 | s56460688 · wall_segment Palisade Wall x1 |
| 24:30 | s56460688 · wall_segment Palisade Wall x1 |
| 27:10 | s56460688 · first_market_buy 100 stone |
| 27:17 | s56460688 · resign |
[ AI ANALYSIS · 1 CREDIT ]
What really happened in this match?
Wolo.gg analyzes every decision: build order, eco, micro, common mistakes by bracket. Personalized analysis on WhatsApp or Discord in 30 seconds.
Civ guide
Magyars
Perfil
Jugador #442647